[Event "*** Titled Tuesday Blitz"]
[Site "Chess.com"]
[Date "2021.04.06"]
[Round "4"]
[White "sergeikim"]
[Black "madamDD"]
[Result "1-0"]
[WhiteElo "2537"]
[BlackElo "2368"]
[TimeControl "180+1"]
[EndTime "10:34:49 PDT"]
[Termination "sergeikim won by resignation"]

1. d4 Nf6 2. c4 e6 3. Nc3 Bb4 4. Qc2 b6 5. a3 Bxc3+ 6. Qxc3 Bb7 7. Nf3 O-O 8. g3 Ne4 9. Qc2 f5 10. Bg2 d6 11. O-O Nd7 12. Ng5 Ndf6 13. Nxe6 Qe7 14.
Nxf8 Rxf8 15. f3 1-0

[Event "*** Titled Tuesday Blitz"]
[Site "Chess.com"]
[Date "2021.04.06"]
[Round "4"]
[White "MasterMK73"]
[Black "geordie_derraugh"]
[Result "1-0"]
[WhiteElo "2282"]
[BlackElo "2443"]
[TimeControl "180+1"]
[EndTime "10:35:37 PDT"]
[Termination "MasterMK73 won by resignation"]

1. e4 c5 2. Nf3 e6 3. c4 Nc6 4. Nc3 Nf6 5. d4 cxd4 6. Nxd4 Bb4 7. Nxc6 bxc6 8. Bd3 d5 9. cxd5 cxd5 10. Qa4+ Bd7 11.
Qxb4 Rb8 12. Qd4 dxe4 13. Nxe4 Nxe4 14. Bxe4 O-O 15. O-O Qc7 16. Bf4 1-0

[Event "*** Titled Tuesday Blitz"]
[Site "Chess.com"]
[Date "2021.04.06"]
[Round "4"]
[White "Grandmaster1369"]
[Black "Ze-Pequeno"]
[Result "1-0"]
[WhiteElo "2442"]
[BlackElo "2240"]
[TimeControl "180+1"]
[EndTime "10:35:54 PDT"]
[Termination "Grandmaster1369 won by resignation"]

1. e4 c5 2. Nf3 d6 3. Bb5+ Bd7 4. Bxd7+ Qxd7 5. O-O Nf6 6. Qe2 Nc6 7. Rd1 g5 8. Nxg5 Nd4 9. Qd3 Qg4 10. Nf3 Rg8 11. g3 Qxf3 12. Qxf3 Nxf3+ 13. Kg2 Nd4 14. Na3 Nxe4 15. c3 Nc6 16. d4 cxd4 17. cxd4 d5 18. Nb5 Rc8 19. Bf4 a6 20. Nc7+ Kd7 21. Nxd5 e6 22. Nb6+ Kd8 23. Nxc8 Kxc8 24. d5 exd5 25.
Rxd5 Nf6 26. Rf5 1-0

[Event "*** Titled Tuesday Blitz"]
[Site "Chess.com"]
[Date "2021.04.06"]
[Round "4"]
[White "Koalaskakistis"]
[Black "Shuvalov"]
[Result "0-1"]
[WhiteElo "2576"]
[BlackElo "2455"]
[TimeControl "180+1"]
[EndTime "10:36:01 PDT"]
[Termination "Shuvalov won by resignation"]

1. Nf3 d5 2. g3 Nf6 3. Bg2 Bf5 4. O-O e6 5. d3 h6 6. Nbd2 Be7 7. Qe1 O-O 8. e4 Bh7 9. Qe2 c5 10. b3 Nc6 11.
Bb2 b5 12. Ne5 Qc7 13. Nxc6 Qxc6 14. f4 Rfe8 15. g4 c4 16. bxc4 bxc4 17. g5 hxg5 18. fxg5 Nxe4 19. dxe4 Qb6+ 20. Qf2 Bc5 21. Qxc5 Qxc5+ 22. Kh1 Qb4 23. Bc1 Qc3 24. Rb1 Qxc2 25. Rb7 Bg6 26. exd5 exd5 27. Bxd5 Rf8 28. Bxc4 Be4+ 29. Nxe4 Qxe4+ 0-1

[Event "*** Titled Tuesday Blitz"]
[Site "Chess.com"]
[Date "2021.04.06"]
[Round "4"]
[White "Savagelittlemole"]
[Black "joejan"]
[Result "1-0"]
[WhiteElo "2500"]
[BlackElo "2280"]
[TimeControl "180+1"]
[EndTime "10:36:12 PDT"]
[Termination "Savagelittlemole won by resignation"]

1. e4 c5 2. Ne2 d6 3. g3 Nc6 4.
Bg2 g6 5. c3 Bg7 6. d4 Nf6 7. O-O O-O 8. h3 cxd4 9. cxd4 d5 10.
e5 Ne4 11. Nbc3 Nxc3 12. Nxc3 Be6 13. Be3 Rc8 14. Qd2 Re8 15. Rac1 a6 16. Rfd1 b5 17.
Bh6 Bh8 18. Bg5 Qd7 19. Kh2 b4 20. Na4 Nxd4 21. Nb6 Qb7 22. Nxc8 Bxe5 23. Qe3 Bg7 24. Rxd4 Bxd4 25. Qxd4 Rxc8 26. Rxc8+ Qxc8 27. Bxe7 a5 28. Bg5 Qc4 29. Qf6 1-0

[Event "*** Titled Tuesday Blitz"]
[Site "Chess.com"]
[Date "2021.04.06"]
[Round "4"]
[White "aljado"]
[Black "oogee"]
[Result "0-1"]
[WhiteElo "2103"]
[BlackElo "2381"]
[TimeControl "180+1"]
[EndTime "10:36:12 PDT"]
[Termination "oogee won by resignation"]

1. e4 c5 2. Nf3 d6 3. c3 Nf6 4. Bc4 Nxe4 5. Qa4+ Bd7 6. Bxf7+ Kxf7 7. Qxe4 Nc6 8.
Ng5+ Kg8 9. Qd5+ e6 10. Nxe6 Qe7 11. O-O Bxe6 12. Qf3 Qf7 13. Qg3 h5 14. d4 h4 15.
Qe3 h3 16. g3 Re8 17. Re1 Bd7 18. Qd2 Qf3 0-1

[Event "*** Titled Tuesday Blitz"]
[Site "Chess.com"]
[Date "2021.04.06"]
[Round "4"]
[White "albi1999"]
[Black "KetiGrant"]
[Result "1-0"]
[WhiteElo "2594"]
[BlackElo "2347"]
[TimeControl "180+1"]
[EndTime "10:36:22 PDT"]
[Termination "albi1999 won by resignation"]

1. d4 Nf6 2. c4 g6 3. g3 Bg7 4.
Bg2 O-O 5. Nc3 d6 6. Nf3 Nc6 7. O-O e5 8. dxe5 dxe5 9. Bg5 Qe8 10. Qc1 Be6 11. b3 Nd7 12. Bh6 f5 13. Bxg7 Kxg7 14. Qb2 Qe7 15. Nd5 Bxd5 16. cxd5 Nb4 17. Rfd1 Rae8 18.
Rac1 Nf6 19. Ng5 Nfxd5 20. Bxd5 Qxg5 21. Rxc7+ Re7 22. Qxe5+ 1-0

[Event "*** Titled Tuesday Blitz"]
[Site "Chess.com"]
[Date "2021.04.06"]
[Round "4"]
[White "Omk124"]
[Black "Flopezin"]
[Result "1-0"]
[WhiteElo "2581"]
[BlackElo "2340"]
[TimeControl "180+1"]
[EndTime "10:36:40 PDT"]
[Termination "Omk124 won by resignation"]

1. e4 e5 2. Nf3 Nc6 3. Bc4 Nf6 4. d3 Bc5 5. c3 d6 6. Nbd2 O-O 7. Nf1 Be6 8. Bb5 a6 9. Ba4 b5 10. Bc2 d5 11. exd5 Qxd5 12. Ng3 Rad8 13. Qe2 Rfe8 14.
O-O Bg4 15. Ne4 Nxe4 16. dxe4 Qe6 17. h3 Bh5 18. Bb3 Qf6 19. g4 Qg6 20. Ng5 Qf6 21.
gxh5 h6 22. Nxf7 1-0

[Event "*** Titled Tuesday Blitz"]
[Site "Chess.com"]
[Date "2021.04.06"]
[Round "4"]
[White "Anton_Demchenko"]
[Black "juancruzarias"]
[Result "1-0"]
[WhiteElo "2879"]
[BlackElo "2567"]
[TimeControl "180+1"]
[EndTime "10:36:46 PDT"]
[Termination "Anton_Demchenko won by resignation"]

1. e4 e6 2. d4 d5 3. Nc3 Bb4 4. e5 Ne7 5. a3 Bxc3+ 6. bxc3 b6 7. Qg4 Ng6 8. h4 h5 9. Qd1 c5 10. Bb5+ Bd7 11. Bd3 Nxh4 12. Nf3 Nxf3+ 13. Qxf3 c4 14. Rxh5 Rxh5 15. Qxh5 Qe7 16. Bg5 Qf8 17. Be2 Ba4 18. Kd2 Nc6 19. f4 Ne7 20. g4 Kd7 21. f5 Qh8 22. Qxf7 1-0

[Event "*** Titled Tuesday Blitz"]
[Site "Chess.com"]
[Date "2021.04.06"]
[Round "4"]
[White "yandry1996"]
[Black "ZarinaShafigullina"]
[Result "1-0"]
[WhiteElo "2254"]
[BlackElo "2417"]
[TimeControl "180+1"]
[EndTime "10:36:46 PDT"]
[Termination "yandry1996 won by resignation"]

1. e4 c5 2. Nf3 d6 3. d4 cxd4 4.
Nxd4 Nf6 5. Nc3 a6 6. f3 e5 7. Nb3 Be6 8. Be3 Be7 9. Qd2 Nbd7 10.
O-O-O O-O 11. Kb1 b5 12. Qf2 Rc8 13. g4 b4 14. Nd5 Bxd5 15. exd5 a5 16. Bb5 Rb8 17.
Bc6 Ne8 18. Bxd7 Qxd7 19. Nxa5 Qa4 20. Nc6 Rb7 21. Rd3 Nf6 22. g5 Nh5 23. Qh4 Ra8 24.
a3 g6 25. Nxb4 Rxb4 26. Qxb4 1-0

[Event "*** Titled Tuesday Blitz"]
[Site "Chess.com"]
[Date "2021.04.06"]
[Round "4"]
[White "kirillshevchenko"]
[Black "federicosellitti"]
[Result "1-0"]
[WhiteElo "2833"]
[BlackElo "2577"]
[TimeControl "180+1"]
[EndTime "10:36:50 PDT"]
[Termination "kirillshevchenko won by resignation"]

1. e4 c5 2. c3 Nf6 3. e5 Nd5 4. Bc4 e6 5. d4 cxd4 6. cxd4 Nc6 7. Nf3 d6 8. O-O Be7 9. Qc2 Nb6 10. Bb5 Bd7 11. Be2 Rc8 12. Nc3 a6 13.
Bf4 dxe5 14. dxe5 Nd5 15. Nxd5 exd5 16. Qd2 Be6 17. Ng5 Bxg5 18. Bxg5 Qb6 19. Rac1 O-O 20. Bf6 gxf6 21. exf6 Kh8 22. Qh6 Rg8 23. Bd3 Rg6 24. Bxg6 1-0

[Event "*** Titled Tuesday Blitz"]
[Site "Chess.com"]
[Date "2021.04.06"]
[Round "4"]
[White "Chuchofrio1"]
[Black "jucAxx"]
[Result "1-0"]
[WhiteElo "2373"]
[BlackElo "2095"]
[TimeControl "180+1"]
[EndTime "10:36:52 PDT"]
[Termination "Chuchofrio1 won by resignation"]

1. e4 e6 2. d4 d5 3. Nc3 Bb4 4.
a3 Bxc3+ 5. bxc3 c5 6. Qg4 Nf6 7. Qxg7 Rg8 8. Qh6 Rg6 9. Qh4 dxe4 10. Bg5 cxd4 11. Bxf6 Qxf6 12. Qxf6 Rxf6 13. cxd4 Nc6 14. c3 Bd7 15. Nh3 O-O-O 16. Be2 e5 17. d5 Bxh3 18. dxc6 Bxg2 19. cxb7+ Kxb7 20. Rg1 Bf3 21. Rb1+ Kc7 22. Rg5 Bxe2 23. Kxe2 Rd3 24. Rxe5 Rxc3 25. Rxe4 Rc2+ 26.
Kd3 Rfxf2 27. Re7+ Kd6 28. Rxa7 Rfd2+ 29. Ke3 Re2+ 30.
Kf3 Rf2+ 31. Kg4 Rg2+ 32. Kf5 Rcf2+ 33. Ke4 Re2+ 34. Kd3 Rd2+ 35. Kc3 Rc2+ 36. Kb3 Rxh2 37. Rd1+ Rcd2 38. Rxd2+ Rxd2 39. Rxf7 h5 40. Rh7 Rd5 41. Rh8 Ke6 42. Kc4 Ra5 43. Kb4 Rd5 44. a4 Kf6 45. a5 Kg6 46. a6 Rd1 47. a7 Rb1+ 48. Kc3 Ra1 49. a8=Q Rxa8 50. Rxa8 h4 51. Kd2 Kg5 52. Rg8+ 1-0

[Event "*** Titled Tuesday Blitz"]
[Site "Chess.com"]
[Date "2021.04.06"]
[Round "4"]
[White "NicoChasin"]
[Black "mac0504"]
[Result "1-0"]
[WhiteElo "2734"]
[BlackElo "2522"]
[TimeControl "180+1"]
[EndTime "10:36:54 PDT"]
[Termination "NicoChasin won by resignation"]

1. d4 Nf6 2. c4 e6 3. Nf3 Bb4+ 4.
Nbd2 d5 5. g3 O-O 6. Bg2 dxc4 7. Qc2 Nc6 8. Qxc4 Qd5 9. O-O Bxd2 10. Qxd5 exd5 11. Bxd2 Re8 12. Rfe1 Bg4 13. e3 Bxf3 14.
Bxf3 Ne7 15. Rac1 c6 16. Bb4 Nf5 17. Be2 Rad8 18. Bd3 Nd6 19. f3 Re6 20. Kf2 Rde8 21. g4 Nd7 22. b3 f6 23. Bf5 Nxf5 24. gxf5 R6e7 25. Bxe7 Rxe7 26. e4 Nb6 27. a4 a5 28.
Rc5 1-0

[Event "*** Titled Tuesday Blitz"]
[Site "Chess.com"]
[Date "2021.04.06"]
[Round "4"]
[White "VinzentSpitzl"]
[Black "Harry_Rakkel"]
[Result "0-1"]
[WhiteElo "2409"]
[BlackElo "2599"]
[TimeControl "180+1"]
[EndTime "10:37:00 PDT"]
[Termination "Harry_Rakkel won by resignation"]

1. e4 c5 2. Nf3 e6 3. d4 cxd4 4. Nxd4 a6 5. Bd3 Bc5 6. Nb3 Ba7 7. O-O Nc6 8. Qe2 Nf6 9. Be3 d6 10. c4 e5 11. Bxa7 Rxa7 12. Nc3 Be6 13. Nd5 O-O 14.
h3 a5 15. Rac1 a4 16. Na1 Nd7 17. Nc2 Nc5 18. Rfd1 Qa5 19. Nce3 Nd4 20. Qd2 Rb8 21. Qxa5 Rxa5 22. Nc2 Nxd3 23. Nxd4 Nxc1 24. Nxe6 fxe6 0-1

[Event "*** Titled Tuesday Blitz"]
[Site "Chess.com"]
[Date "2021.04.06"]
[Round "4"]
[White "PowerThinking2650"]
[Black "j2806"]
[Result "1-0"]
[WhiteElo "2406"]
[BlackElo "2152"]
[TimeControl "180+1"]
[EndTime "10:37:00 PDT"]
[Termination "PowerThinking2650 won by resignation"]

1. e4 c5 2. Nf3 d6 3. d4 cxd4 4. Nxd4 Nf6 5. Nc3 a6 6. Bc4 e6 7. O-O Be7 8. Bb3 O-O 9. f4 Qc7 10. f5 e5 11. Nde2 Nbd7 12. Ng3 Nc5 13. Bg5 Nxb3 14.
axb3 b6 15. Bxf6 Bxf6 16. Nd5 Qd8 17. Nh5 Bg5 18. Qg4 f6 19. Nxg7 Kxg7 20. h4 h6 21. hxg5 hxg5 22. Qh5 Qe8 23. Qxe8 Rxe8 24. Nc7 Bb7 25. Nxa8 Rxa8 26. Rfe1 Rc8 27. c4 Kf7 28. Kf2 Ke7 29. Ke3 1-0

[Event "*** Titled Tuesday Blitz"]
[Site "Chess.com"]
[Date "2021.04.06"]
[Round "4"]
[White "Kotofeyca"]
[Black "Ranindu2003"]
[Result "1-0"]
[WhiteElo "2401"]
[BlackElo "2581"]
[TimeControl "180+1"]
[EndTime "10:37:03 PDT"]
[Termination "Kotofeyca won by resignation"]

1. d4 Nf6 2. c4 e6 3. Nf3 c5 4.
Nc3 cxd4 5. Nxd4 Nc6 6. g3 Qb6 7. Nc2 Ng4 8. e3 Nge5 9. b3 Be7 10. Bg2 O-O 11. O-O Rd8 12. Bb2 Nxc4 13. Na4 Qa6 14. Bc3 d5 15. bxc4 Qxa4 16. cxd5 exd5 17. Nd4 Ne5 18.
Qxa4 1-0

[Event "*** Titled Tuesday Blitz"]
[Site "Chess.com"]
[Date "2021.04.06"]
[Round "4"]
[White "Horizonevent"]
[Black "TC2304"]
[Result "1-0"]
[WhiteElo "2499"]
[BlackElo "2294"]
[TimeControl "180+1"]
[EndTime "10:37:07 PDT"]
[Termination "Horizonevent won by resignation"]

1. d4 Nf6 2. c4 c5 3. d5 e6 4. Nc3 exd5 5. cxd5 d6 6. Nf3 g6 7. h3 Bg7 8. Bf4 O-O 9. e3 Na6 10.
Be2 Nc7 11. O-O Rb8 12. a4 a6 13. a5 Nh5 14. Bh2 Qe7 15. Nd2 Nf6 16. Nc4 Nfe8 17.
Bf3 f5 18. Re1 Nb5 19. Qb3 Nxc3 20. bxc3 Bd7 21. Nb6 Nf6 22. Nc4 Ne8 23. Rad1 Bb5 24. Nb6 c4 25. Qb4 Be5 26. Bxe5 Qxe5 27. Nxc4 Rc8 28.
Nxe5 1-0

[Event "*** Titled Tuesday Blitz"]
[Site "Chess.com"]
[Date "2021.04.06"]
[Round "4"]
[White "Rondo_Capriccioso"]
[Black "BahadirOzen"]
[Result "0-1"]
[WhiteElo "2476"]
[BlackElo "2736"]
[TimeControl "180+1"]
[EndTime "10:37:09 PDT"]
[Termination "BahadirOzen won by resignation"]

1. e4 g6 2. Nf3 d6 3. d4 Nf6 4.
Bd3 Bg7 5. h3 O-O 6. O-O Nbd7 7.
Nc3 e5 8. Re1 c6 9. Be3 b5 10.
a4 b4 11. Ne2 exd4 12. Nexd4 Bb7 13. Bf4 Ne8 14. Bc4 Ne5 15. Bb3 c5 16. Nb5 Qe7 17. Bg5 Nxf3+ 0-1

[Event "*** Titled Tuesday Blitz"]
[Site "Chess.com"]
[Date "2021.04.06"]
[Round "4"]
[White "Godzillator"]
[Black "willc-h99"]
[Result "0-1"]
[WhiteElo "2296"]
[BlackElo "2501"]
[TimeControl "180+1"]
[EndTime "10:37:10 PDT"]
[Termination "willc-h99 won by resignation"]

1. d4 Nf6 2. c4 e6 3. Nc3 Bb4 4. Qc2 c5 5. dxc5 Bxc5 6. Nf3 O-O 7. Bg5 h6 8. Bh4 a6 9. O-O-O b5 10. e4 Be7 11. e5 Ng4 12. Bxe7 Qxe7 13. h3 Nxe5 14. Nxe5 Qg5+ 15. Kb1 Qxe5 16. cxb5 d5 17. Bd3 axb5 18. Rhe1 Qf6 19. Nxb5 Na6 20. Qc3 Qxf2 21. Rf1 Qc5 22. Qxc5 Nxc5 23. Bc2 Bd7 24. Nd4 Rfb8 25. g4 Rb4 26. h4 Rab8 27. b3 Na4 28. Ka1 Nc3 29.
Rd3 Nb5 30. g5 Nxd4 31. Bb1 Bb5 0-1

[Event "*** Titled Tuesday Blitz"]
[Site "Chess.com"]
[Date "2021.04.06"]
[Round "4"]
[White "Artem_Sadovsky"]
[Black "vugarrasulov"]
[Result "0-1"]
[WhiteElo "2623"]
[BlackElo "2872"]
[TimeControl "180+1"]
[EndTime "10:37:12 PDT"]
[Termination "vugarrasulov won by resignation"]

1. Nf3 d5 2. e3 Nf6 3. c4 c6 4. b3 Bg4 5. Be2 Nbd7 6. Bb2 e6 7. O-O Bd6 8. h3 Bh5 9. d3 O-O 10. Nbd2 Qe7 11. Re1 Rad8 12. Qc2 Rfe8 13. Rad1 e5 14. cxd5 cxd5 15. e4 Rc8 16. Qb1 Bb4 17.
exd5 Nxd5 18. Nxe5 Bxe2 19. Rxe2 Bc3 20. Ndc4 Nxe5 21. Nxe5 Bxb2 22. Qxb2 Nc3 23. Rf1 0-1

[Event "*** Titled Tuesday Blitz"]
[Site "Chess.com"]
[Date "2021.04.06"]
[Round "4"]
[White "paulrusan"]
[Black "Manukyan_Artak"]
[Result "1-0"]
[WhiteElo "2291"]
[BlackElo "2453"]
[TimeControl "180+1"]
[EndTime "10:37:17 PDT"]
[Termination "paulrusan won by resignation"]

1. e4 c6 2. d4 d5 3. f3 Nf6 4. Nc3 e6 5. Be3 Bb4 6. e5 Nfd7 7. a3 Be7 8. f4 b5 9. Nf3 Nb6 10. b3 a5 11. Bd3 g6 12. O-O O-O 13. a4 b4 14. Ne2 N8d7 15. g4 c5 16. dxc5 Bxc5 17. Ned4 Ba6 18. Bxa6 Rxa6 19. Qd3 Ra8 20. Rae1 Rc8 21.
f5 exf5 22. gxf5 Bxd4 23. Bxd4 Nc5 24. Qe3 Qc7 25. Qh6 Ne4 26. f6 1-0

[Event "*** Titled Tuesday Blitz"]
[Site "Chess.com"]
[Date "2021.04.06"]
[Round "4"]
[White "Susik_Gaboyan"]
[Black "EvilMorty23"]
[Result "0-1"]
[WhiteElo "2266"]
[BlackElo "2458"]
[TimeControl "180+1"]
[EndTime "10:37:17 PDT"]
[Termination "EvilMorty23 won by checkmate"]

1. e4 e6 2. d4 d5 3. Bd3 Nf6 4. e5 Nfd7 5. Ne2 c5 6. c3 Nc6 7.
Nd2 cxd4 8. cxd4 f6 9. Nf4 Nxd4 10. Qh5+ Ke7 11. exf6+ Nxf6 12. Ng6+ hxg6 13. Qxh8 Kf7 14. O-O e5 15. Qh4 e4 16. Bxe4 dxe4 17. Nxe4 Be7 18. Ng5+ Kg8 19. Be3 Nf5 20. Qc4+ Qd5 21. Qc7 Nxe3 22. fxe3 Bd7 23. Qg3 Bc6 24. Rad1 Qxa2 25.
Qh4 Qxb2 26. Rxf6 Qxg2# 0-1

[Event "*** Titled Tuesday Blitz"]
[Site "Chess.com"]
[Date "2021.04.06"]
[Round "4"]
[White "DonBroca"]
[Black "shreyansshah123"]
[Result "1/2-1/2"]
[WhiteElo "2205"]
[BlackElo "1642"]
[TimeControl "180+1"]
[EndTime "10:37:18 PDT"]
[Termination "Game drawn by repetition"]

1. e4 c6 2. d4 d5 3. Nc3 dxe4 4. Nxe4 Nf6 5. Nxf6+ exf6 6. Nf3 Bg4 7. Be2 Bd6 8. b3 Nd7 9. Bb2 O-O 10. O-O Nb6 11.
c4 Bb8 12. h3 Bf5 13. Bd3 Bxd3 14. Qxd3 Re8 15. Rfe1 Bc7 16. Rxe8+ Qxe8 17. Re1 Qd7 18.
Nh4 Re8 19. Re3 Bf4 20. Re4 Bg5 21. Nf5 Rxe4 22. Qxe4 g6 23. Ne3 Bxe3 24. Qxe3 Qe6 25.
Kf1 Kf8 26. Qh6+ Kg8 27. Qf4 Nd7 28. Qc7 Qf5 29. Bc3 Qb1+ 30. Be1 Qd3+ 31. Kg1 Qd1 32. Kf1 Qd3+ 33. Kg1 Qd1 34. Kf1 Qd3+ 1/2-1/2

[Event "*** Titled Tuesday Blitz"]
[Site "Chess.com"]
[Date "2021.04.06"]
[Round "4"]
[White "SaqoChess_Twitch"]
[Black "EfrenRamos1"]
[Result "1/2-1/2"]
[WhiteElo "2458"]
[BlackElo "2284"]
[TimeControl "180+1"]
[EndTime "10:37:19 PDT"]
[Termination "Game drawn by repetition"]

1. d4 Nf6 2. e3 d5 3. Nf3 Bf5 4. Be2 e6 5. O-O h6 6. b3 Nbd7 7. Bb2 Bd6 8. Nbd2 Qe7 9. Ne5 Ba3 10. Qc1 Bxb2 11. Qxb2 O-O 12. f4 Ne4 13. Nxe4 Bxe4 14. Bd3 Nf6 15. a4 a5 16. Qc3 c6 17. Qd2 Kh8 18. c4 Bxd3 19. Nxd3 Ne4 20. Qc2 b6 21. Nf2 Nxf2 22. Rxf2 f5 23. Rc1 Qb4 24. Qc3 Qd6 25.
cxd5 Qxd5 26. Qxc6 Qxb3 27. Qc4 Qxe3 28. Rc3 Qe1+ 29.
Rf1 Qe4 30. Qd3 Qd5 31. Qc4 Qe4 32. Qd3 Qd5 33. Qc4 Qe4 1/2-1/2

[Event "*** Titled Tuesday Blitz"]
[Site "Chess.com"]
[Date "2021.04.06"]
[Round "4"]
[White "exoticprincess"]
[Black "chescomhuynya"]
[Result "1-0"]
[WhiteElo "2923"]
[BlackElo "2568"]
[TimeControl "180+1"]
[EndTime "10:37:22 PDT"]
[Termination "exoticprincess won by checkmate"]

1. e4 c5 2. d4 cxd4 3. c3 d3 4. Bxd3 Nc6 5. f4 d6 6. Nf3 g6 7. O-O Bg7 8. Be3 Nf6 9. Kh1 O-O 10. Nbd2 Bd7 11. Qe2 Re8 12. Rad1 e5 13. fxe5 dxe5 14. Nc4 Qc7 15. Bg5 h6 16. Bxf6 Bxf6 17. Ne3 Ne7 18.
Bc4 Bg7 19. Bxf7+ Kxf7 20. Rxd7 Qc8 21. Nd5 Ke6 22. Rc7 Qd8 23. Nd4+ exd4 24. Qg4+ Nf5 25. Qxg6+ Ke5 26. Rxf5+ Kxe4 27. Rg5# 1-0

[Event "*** Titled Tuesday Blitz"]
[Site "Chess.com"]
[Date "2021.04.06"]
[Round "4"]
[White "lukazz029"]
[Black "hleol"]
[Result "0-1"]
[WhiteElo "2117"]
[BlackElo "2340"]
[TimeControl "180+1"]
[EndTime "10:37:23 PDT"]
[Termination "hleol won by resignation"]

1. e4 c6 2. d4 d5 3. e5 Bf5 4. Nc3 e6 5. h4 h5 6. Bd3 Bxd3 7. Qxd3 Qb6 8. Nce2 Ne7 9. Nf3 Nf5 10. c4 Na6 11. a3 Be7 12. g3 O-O-O 13. c5 Qc7 14. b4 f6 15. Bf4 Qd7 16. Rb1 g5 17. hxg5 fxg5 18. Nxg5 Rdg8 19. Nf3 h4 20. gxh4 Nxh4 21. Nxh4 Rxh4 22. Bg3 Rxh1+ 23. Kd2 Rxb1 24. Qxb1 Qe8 25. a4 Qg6 26. Qb2 Qe4 27. b5 Nb8 28. a5 cxb5 29. Qxb5 a6 30. Qb6 Nc6 31. Ke1 Bd8 32. Qb3 Bxa5+ 0-1

[Event "*** Titled Tuesday Blitz"]
[Site "Chess.com"]
[Date "2021.04.06"]
[Round "4"]
[White "felipelobo"]
[Black "JQuiroga18"]
[Result "1-0"]
[WhiteElo "2197"]
[BlackElo "2412"]
[TimeControl "180+1"]
[EndTime "10:37:26 PDT"]
[Termination "felipelobo won by resignation"]

1. e4 c5 2. Nf3 e6 3. d4 cxd4 4.
Nxd4 a6 5. c4 Qc7 6. Nc3 Nf6 7.
Be2 b6 8. Be3 Bb7 9. f3 d6 10. O-O Nbd7 11. Rc1 Be7 12. Qe1 Rc8 13. Qf2 O-O 14. Rfd1 Rfe8 15. b3 Qb8 16. Kh1 Bd8 17. Qe1 Bc7 18. Qg1 d5 19. cxd5 exd5 20. Nxd5 Nxd5 21.
exd5 Rxe3 22. Qxe3 Bxh2 23. Rxc8+ Bxc8 24. Qe8+ Nf8 25. Nc6 1-0

[Event "*** Titled Tuesday Blitz"]
[Site "Chess.com"]
[Date "2021.04.06"]
[Round "4"]
[White "ukchessbomber"]
[Black "Irishchessman16"]
[Result "1-0"]
[WhiteElo "2477"]
[BlackElo "2279"]
[TimeControl "180+1"]
[EndTime "10:37:32 PDT"]
[Termination "ukchessbomber won by resignation"]

1. d4 f5 2. c4 Nf6 3. g3 g6 4.
Bg2 Bg7 5. Nf3 O-O 6. O-O d6 7.
Nc3 c6 8. Re1 Na6 9. e4 e5 10.
exf5 Bxf5 11. dxe5 dxe5 12. Be3 Ng4 13. Bg5 Qxd1 14. Raxd1 h6 15. Be7 Rf7 16. Ba3 e4 17.
Nxe4 Bxe4 18. Rxe4 h5 19. h3 Nf6 20. Ree1 Nd7 21.
Ng5 1-0

[Event "*** Titled Tuesday Blitz"]
[Site "Chess.com"]
[Date "2021.04.06"]
[Round "4"]
[White "Sanan_Sjugirov"]
[Black "YoreDea"]
[Result "1-0"]
[WhiteElo "2866"]
[BlackElo "2632"]
[TimeControl "180+1"]
[EndTime "10:37:34 PDT"]
[Termination "Sanan_Sjugirov won by resignation"]

1. e4 e6 2. d4 d5 3. e5 c5 4. c3 Qb6 5. Nf3 Bd7 6. a3 cxd4 7. cxd4 Bb5 8. Bxb5+ Qxb5 9. Nc3 Qa6 10. b4 Nh6 11. b5 Qa5 12. Bd2 Qd8 13. Bxh6 gxh6 14. O-O Bg7 15. Ne2 O-O 16. Nf4 Nd7 17. a4 Rc8 18. Nh5 Rc4 19. Qd2 Qe7 20. Rfe1 Rfc8 21. Qf4 Bf8 22. Nf6+ Nxf6 23. exf6 Qc7 24. Ne5 Kh8 25. Qg4 Rc3 26. a5 b6 27. axb6 axb6 28. h3 Qb7 29. Re3 Rxe3 30. fxe3 Rc2 31. Ra8 1-0

[Event "*** Titled Tuesday Blitz"]
[Site "Chess.com"]
[Date "2021.04.06"]
[Round "4"]
[White "LiverpooL174"]
[Black "Forantes"]
[Result "1-0"]
[WhiteElo "2661"]
[BlackElo "2350"]
[TimeControl "180+1"]
[EndTime "10:37:35 PDT"]
[Termination "LiverpooL174 won by resignation"]

1. e4 c5 2. Nf3 Nc6 3. d4 cxd4 4. Nxd4 e5 5. Nb5 a6 6. Nd6+ Bxd6 7. Qxd6 Qf6 8. Qd1 Qg6 9. f3 d5 10. Nc3 Nge7 11.
Nxd5 Nxd5 12. Qxd5 Be6 13. Qd2 Rd8 14. Qf2 f5 15.
Bd3 Nb4 16. O-O Nxd3 17. cxd3 O-O 18. Qe2 f4 19. Bd2 Bd7 20. Bc3 Bb5 21. Rfd1 Qe6 22. a4 Bc6 23. d4 exd4 24. Bxd4 Qb3 25. Ra3 Qb4 26. Bc3 Qc5+ 27. Kh1 Rxd1+ 28. Qxd1 Bxe4 29. fxe4 f3 30. gxf3 Qh5 31. Qd5+ Qxd5 32. exd5 Rxf3 33. Kg2 Rd3 34. Rb3 Rxd5 35. Rxb7 1-0

[Event "*** Titled Tuesday Blitz"]
[Site "Chess.com"]
[Date "2021.04.06"]
[Round "4"]
[White "Sychev_Klementy"]
[Black "babyking1205"]
[Result "1-0"]
[WhiteElo "2890"]
[BlackElo "2567"]
[TimeControl "180+1"]
[EndTime "10:37:38 PDT"]
[Termination "Sychev_Klementy won by resignation"]

1. e4 c5 2. Nf3 d6 3. d4 cxd4 4. Nxd4 Nf6 5. Nc3 a6 6. Bg5 e6 7. f4 h6 8. Bh4 Qb6 9. Qd2 Qxb2 10. Rb1 Qa3 11. Be2 Be7 12. O-O Nc6 13. Nxc6 bxc6 14. Kh1 Qa5 15. Bf2 d5 16. Bb6 Nxe4 17. Nxe4 Qxd2 18.
Nxd2 c5 19. c4 O-O 20. Nb3 dxc4 21. Bxc4 Bb7 22. Bxc5 Bxc5 23. Nxc5 Bc6 24. Nxa6 Rfc8 25.
Be2 Be4 26. Rbc1 Rd8 27. Rfd1 Rxd1+ 28. Rxd1 Bb7 29. Nb4 Ra4 30. Rd8+ Kh7 31. Rd4 Bd5 32. Bd1 Ra3 33. Nxd5 exd5 34. Rxd5 Rxa2 35. Rd7 Ra1 36. Kg1 f5 37. Kf2 1-0

[Event "*** Titled Tuesday Blitz"]
[Site "Chess.com"]
[Date "2021.04.06"]
[Round "4"]
[White "Vugar_Manafov"]
[Black "Two_Towers_Krakow"]
[Result "1-0"]
[WhiteElo "2692"]
[BlackElo "2510"]
[TimeControl "180+1"]
[EndTime "10:37:48 PDT"]
[Termination "Vugar_Manafov won by resignation"]

1. Nf3 Nf6 2. g3 g6 3. Bg2 Bg7 4. O-O O-O 5. d3 c5 6. Nc3 Nc6 7. e4 d6 8. h3 Nd7 9. Nd2 Rb8 10. f4 a6 11. g4 b5 12. h4 Nd4 13. h5 e6 14. g5 f6 15. hxg6 hxg6 16. gxf6 Qxf6 17. Nf3 b4 18. Ne2 Nxf3+ 19. Rxf3 Bb7 20. Rb1 c4 21.
Be3 Nc5 22. Bd4 Qe7 23. Bxg7 Qxg7 24. Qd2 d5 25. e5 cxd3 26. cxd3 d4 27. Rg3 Bxg2 28.
Rxg2 a5 29. Rc1 Rbc8 30. Nxd4 Rcd8 31. Qe3 Na4 32. Nxe6 1-0

[Event "*** Titled Tuesday Blitz"]
[Site "Chess.com"]
[Date "2021.04.06"]
[Round "4"]
[White "Didici"]
[Black "scandalgod"]
[Result "0-1"]
[WhiteElo "2631"]
[BlackElo "2525"]
[TimeControl "180+1"]
[EndTime "10:37:50 PDT"]
[Termination "scandalgod won by resignation"]

1. d4 d5 2. c4 c6 3. Nc3 Nf6 4. Nf3 dxc4 5. a4 Bf5 6. Ne5 e6 7. f3 Bb4 8. Nxc4 O-O 9. Kf2 Nbd7 10. e4 Bg6 11. Be3 Qe7 12. Qb3 c5 13. Na2 cxd4 14. Qxb4 dxe3+ 15. Kxe3 Nc5 16. Be2 Nd5+ 17.
exd5 exd5+ 18. Kf2 dxc4 19. Bxc4 Rad8 20. Rhe1 Qg5 21.
Rad1 a5 22. Qa3 Qh4+ 23. Kg1 Rxd1 24. Rxd1 Qxc4 25. Rc1 Qd4+ 26. Kh1 Nd3 27. h3 Nxc1 28. Nxc1 Qd1+ 0-1